 Dungeon Crawl Stone Soup version 0.28.0-53-g5a82cb258f (webtiles) character file.

Game seed: 12804081864324081992

557 Zeld the Skirmisher (level 7, 0/96 HPs)
             Began as a Minotaur Berserker on May 22, 2022.
             Was a Believer of Trog.
             Succumbed to a killer bee's poison
             ... on level 4 of the Dungeon.
             The game lasted 00:03:01 (3995 turns).

Zeld the Skirmisher (Minotaur Berserker)            Turns: 3995, Time: 00:03:02

Health: 0/96       AC:  2    Str: 24    XL:     7   Next: 9%
Magic:  6/6        EV: 12    Int:  4    God:    Trog [**....]
Gold:   188        SH:  0    Dex:  9    Spells: 6/6 levels left

rFire   . . .      SeeInvis +   a - +0 hand axe
rCold   . . .      Faith    .   (no shield)
rNeg    . . .      Spirit   .   b - +0 animal skin
rPois   .          Reflect  .   (helmet restricted)
rElec   .          Harm     .   (no cloak)
rCorr   +          Rampage  .   (no gloves)
Will    .....                   (no boots)
Stlth   ..........              (no amulet)
HPRegen 0.26/turn               l - ring of resist corrosion
MPRegen 0.10/turn               q - ring of see invisible

@: berserking (expiring), lethally poisoned (0 -> -5), very quick
A: horns 2, retaliatory headbutt
a: Renounce Religion, Berserk, Trog's Hand


You were on level 4 of the Dungeon.
You worshipped Trog.
Trog was pleased with you.
You visited 1 branch of the dungeon, and saw 4 of its levels.

You collected 188 gold pieces.

Inventory:

Hand Weapons
 a - a +0 hand axe (weapon)
Armour
 b - a +0 animal skin (worn)
Jewellery
 l - a ring of resist corrosion (left hand)
 q - a ring of see invisible (right hand)
Wands
 k - a wand of iceblast (4)
Scrolls
 c - 6 scrolls of identify {unknown}
 f - a scroll of brand weapon {unknown}
 g - a scroll of silence {unknown}
 h - a scroll of amnesia {unknown}
 i - a scroll of enchant armour {unknown}
 o - a scroll of vulnerability {unknown}
 r - 2 scrolls of blinking {unknown}
Potions
 d - 3 potions of curing {unknown}
 e - a potion of magic {unknown}
 j - a potion of flight {unknown}
 m - 3 potions of mutation {unknown}
 n - a potion of ambrosia {unknown}
 p - a potion of cancellation {unknown}


   Skills:
 * Level 6.4 Fighting
 * Level 6.3 Axes
 + Level 4.2 Armour
 + Level 4.0 Dodging


You had 6 spell levels left.
You didn't know any spells.
Your spell library was empty.

Dungeon Overview and Level Annotations

Branches:
Dungeon (4/15)
 Temple: D:4-7

Altars:


Innate Abilities, Weirdness & Mutations

You have a pair of horns on your head.
You reflexively headbutt those who attack you in melee.


Message History

You feel sick. The killer bee misses you.
The killer bee stings you but does no damage.
You barely miss the killer bee.
You feel sick. The killer bee stings you.
* * * LOW HITPOINT WARNING * * *
You are lethally poisoned!
The killer bee poisons you!
Unknown command.
You barely miss the killer bee.
* * * LOW HITPOINT WARNING * * *
You feel sick. The killer bee barely misses you.
Unknown command.
You miss the killer bee. Your headbutt misses the killer bee.
* * * LOW HITPOINT WARNING * * *
You feel sick.
The killer bee closely misses you. x2; You furiously retaliate!
You headbutt the killer bee!
You feel the power of Trog in you as your rage grows.
You kill the killer bee!
Trog accepts your kill.
You have reached level 7!
* * * LOW HITPOINT WARNING * * *
You feel sick. The killer bee stings you.
* * * LOW HITPOINT WARNING * * *
You see here a killer bee corpse.
Unknown command.
You miss the killer bee.
* * * LOW HITPOINT WARNING * * *
You feel sick. The killer bee stings you.
* * * LOW HITPOINT WARNING * * *
Unknown command.
You slash the killer bee!
The killer bee is almost dead.
* * * LOW HITPOINT WARNING * * *
You feel sick. The killer bee barely misses you. You furiously retaliate!
You headbutt the killer bee.
You kill the killer bee!
Trog accepts your kill.
Your Dodging skill increases to level 4!
Unknown command.
You are too berserk!
You die...

#.# #.# #.#
####.# #.#
######†#
...#.# #.#
#......#
##.#<# #.#
#.######
#.#.# #.#
#.# #.#.#
#.# #.#
#.#.# #.#
#.#
##.#.####.#
#.#
..........#
#@#
...########
#.# ..##
#..
..########
####
.........#
########.#
#.# #.# #.#


There were no monsters in sight!

Vanquished Creatures
  An ogre (D:3)
  A scorpion (D:4)
  A water moccasin skeleton (D:4)
  3 killer bees (D:4)
  2 orc priests (D:3)
  An iguana (D:4)
  An orc wizard (D:4)
  5 adders
  A worm (D:2)
  A dart slug (D:3)
  8 orcs
  5 ball pythons
  5 endoplasms
  3 giant cockroaches
  4 goblins
  6 hobgoblins
  7 jackals
  A quokka (D:1)
  6 bats
  2 frilled lizards
  11 kobolds
  7 rats
82 creatures vanquished.

Notes
Turn   | Place    | Note
-------+----------+-------------------------------------------
     0 | D:1      | Zeld the Minotaur Berserker began the quest for the Orb.
     0 | D:1      | Reached XP level 1. HP: 19/19 MP: 0/0
   219 | D:1      | Reached XP level 2. HP: 27/27 MP: 1/1
  1059 | D:1      | Found a faded altar of an unknown god.
  1147 | D:2      | Reached XP level 3. HP: 14/33 MP: 2/2
  1338 | D:2      | Reached ** piety under Trog
  1728 | D:2      | Identified the +0 leather armour of the Abyss {+Blink}
  1739 | D:2      | Reached XP level 4. HP: 5/41 MP: 3/3
  2455 | D:3      | Reached skill level 5 in Fighting
  2455 | D:3      | Reached skill level 5 in Axes
  2455 | D:3      | Reached XP level 5. HP: 40/48 MP: 4/4
  2949 | D:3      | Noticed an ogre
  2956 | D:3      | Killed an ogre
  3017 | D:4      | Reached XP level 6. HP: 45/56 MP: 5/5
  3790 | D:4      | Reached *** piety under Trog
  3992 | D:4      | Reached XP level 7. HP: 10/63 MP: 6/6
  3993 | D:4      | HP: 2/94 [killer bee (3)]
  3995 | D:4      | Succumbed to a killer bee's poison

Illustrated notes

Levels and vault maps discovered:
D:1:      dpeg_arrival_three_same_balls, layout_loops_ring,
          dreamdust_ecumenical_altar_angels_and_demons, dk_noncrumbling_2
D:2:      layout_basic
D:3:      layout_rooms
D:4:      layout_loops_ring

Skill      XL: |  1  2  3  4  5  6  7 |
---------------+----------------------+-----
Fighting       | 4 5 6 |  6.4
Axes           | 4 5 6 |  6.3
Armour         | 3 4 |  4.2
Dodging        | 3 4 |  4.0

Action                   |  1- 3 |  4- 6 |  7- 9 || total
-------------------------+-------+-------+-------++-------
Melee: Hand axe          |    86 |    98 |     2 ||   186
       Headbutt          |     5 |    14 |       ||    19
       Punch             |     1 |       |       ||     1
Invok: Berserk           |     1 |     4 |       ||     5
 Stab: Sleeping          |       |     1 |       ||     1
Armor: Animal skin       |    14 |    17 |       ||    31
Dodge: Dodged            |    58 |    68 |     1 ||   127
